 Dungeon Crawl Stone Soup version 0.27-a0-522-g46bbb28828 (webtiles) character file.

Game seed: 14083794299755910274

147660 sahdkjhfkaj the Spry (level 16, -3/85 HPs)
             Began as a Spriggan Venom Mage on Mar 5, 2021.
             Was the Champion of Dithmenos.
             Slain by a moth of wrath (15 damage)
             ... while paralysed by a hornet
             ... on level 4 of the Spider Nest.
             The game lasted 01:23:47 (48003 turns).

sahdkjhfkaj the Spry (Spriggan Venom Mage)         Turns: 48003, Time: 01:23:47

Health: -3/85      AC:  5    Str:  4    XL:     16   Next: 92%
Magic:  27/35      EV:  4    Int: 23    God:    Dithmenos [******]
Gold:   1240       SH:  0    Dex: 22    Spells: 5/44 levels left

rFire    . . .     SeeInvis +   a - +0 dagger (elec)
rCold    + . .     Faith    .   (shield restricted)
rNeg     . . .     Spirit   .   J - +1 robe {Will+}
rPois    .         Reflect  .   (helmet restricted)
rElec    .         Harm     .   z - +1 cloak
rCorr    .         Rampage  .   (gloves unavailable)
Will     +++..                  (boots unavailable)
Stlth    +++++.....             R - amulet of Oploaki {Regen+ Slay+2}
HPRegen  1.24/turn              v - ring of protection from cold
MPRegen  0.24/turn              H - +6 ring of dexterity

@: paralysed, lethally poisoned (-3 -> -5), radiating poison, held, slowed,
wreathed by umbra, very quick
A: very small, unfitting armour, see invisible, speed 3
a: Renounce Religion, Shadow Step, Shadow Form


You were on level 4 of the Spider Nest.
You worshipped Dithmenos.
Dithmenos was exalted by your worship.
You visited 5 branches of the dungeon, and saw 28 of its levels.
You also visited: Bailey.

You collected 3720 gold pieces.
You spent 2480 gold pieces at shops.

Inventory:

Hand Weapons
 a - a +0 dagger of electrocution (weapon)
 b - the +9 fustibalus "Doudi" {speed, rC+++ MP-9 Dex-5 SInv}
   (You acquired it in a bailey)

   Attacks with this weapon are significantly faster.
   It affects your dexterity (-5).
   It renders you almost immune to cold.
   It affects your magic capacity (-9).
   It lets you see invisible.
Missiles
 Q - 874 stones
Armour
 z - a +1 cloak (worn)
 J - a +1 robe of willpower (worn)
Magical Staves
 w - a staff of poison
Jewellery
 v - a ring of protection from cold (left hand)
 H - a +6 ring of dexterity (right hand)
 P - the ring "Juagg" {+Blink rC+ MP-9 Str+2}
   (You found it on level 4 of the Lair of Beasts)

   [ring of protection from cold]

   It affects your strength (+2).
   It protects you from cold.
   It affects your magic capacity (-9).
   It lets you blink.
 R - the amulet of Oploaki (around neck) {Regen+ Slay+2}
   (You found it on level 12 of the Dungeon)

   [amulet of regeneration]

   It affects your accuracy and damage with ranged weapons and melee attacks
   (+2).
   It increases your rate of regeneration.
 T - a ring of poison resistance
 U - an amulet of the acrobat
Wands
 l - a wand of random effects (49)
 t - a wand of flame (38)
 y - a wand of digging (9)
 A - a wand of charming (8)
 C - a wand of mindburst (7)
 D - a wand of iceblast (10)
 E - a wand of polymorph (20)
 G - a wand of acid (32)
Scrolls
 c - 6 scrolls of enchant weapon
 e - 3 scrolls of fear
 h - 11 scrolls of enchant armour
 i - 2 scrolls of blinking
 j - 19 scrolls of teleportation
 m - 3 scrolls of amnesia
 r - 2 scrolls of holy word
 F - 3 scrolls of fog
 I - 8 scrolls of magic mapping
 L - 3 scrolls of vulnerability
 M - a scroll of immolation
 N - 2 scrolls of summoning
 S - 3 scrolls of identify
Potions
 d - 12 potions of curing
 f - 6 potions of mutation
 g - 5 potions of brilliance
 k - 3 potions of flight
 n - 7 potions of heal wounds
 o - 3 potions of lignification
 p - 2 potions of ambrosia
 q - 4 potions of magic
 s - 4 potions of haste
 u - 3 potions of attraction
 x - 3 potions of cancellation
 B - 3 potions of might
 K - 2 potions of berserk rage
Miscellaneous
 O - a condenser vane


   Skills:
 - Level 10.0 Fighting
 - Level 12.0 Slings
 - Level 20.0 Dodging
 - Level 3.0 Stealth
 + Level 14.9 Spellcasting
 - Level 6.0 Hexes
 - Level 10.1 Transmutations
 - Level 14.0 Poison Magic
 - Level 6.0 Invocations


You had 5 spell levels left.
You knew the following spells:

 Your Spells              Type           Power        Failure   Level
a - Apportation           Tloc           34%          3%          1
c - Corona                Hex            48%          1%          1
d - Magic Dart            Conj           68%          3%          1
f - Fulminant Prism       Conj/Hex       15%          10%         4
m - Mephitic Cloud        Conj/Pois/Air  38%          1%          3
o - Olgreb's Toxic Radia  Pois           69%          1%          4
p - Poisonous Vapours     Pois/Air       98%          1%          2
r - Cause Fear            Hex            22%          3%          4
s - Shadow Creatures      Summ           N/A          99%         6
y - Petrify               Tmut/Erth      40%          4%          4
z - Sting                 Tmut/Pois      100%         1%          1
X - Ignite Poison         Fire/Tmut/Pois 52%          1%          3
Y - Yara's Violent Unrav  Hex/Tmut       26%          3%          5

Your spell library contained the following spells:

 Spells                   Type           Power        Failure   Level
 Ensorcelled Hibernation  Hex/Ice        62%          1%          2
 Confusing Touch          Hex            44%          1%          3
 Tukima's Dance           Hex            44%          1%          3
 Alistair's Intoxication  Tmut/Pois      42%          1%          5
 Foxfire                  Conj/Fire      68%          3%          1
 Summon Small Mammal      Summ           68%          3%          1
 Dazzling Flash           Conj/Hex       62%          3%          3
 Inner Flame              Hex/Fire       31%          3%          3
 Summon Guardian Golem    Hex/Summ       31%          3%          3
 Call Imp                 Summ           17%          5%          2
 Searing Ray              Conj           34%          5%          2
 Sublimation of Blood     Necr           8%           5%          2
 Call Canine Familiar     Summ           17%          11%         3
 Conjure Flame            Conj/Fire      17%          11%         3
 Gell's Gravitas          Tloc           8%           11%         3
 Lesser Beckoning         Tloc           8%           11%         3
 Irradiate                Conj/Tmut      20%          12%         5
 Metabolic Englaciation   Hex/Ice        15%          28%         5
 Silence                  Hex/Air        15%          28%         5
 Animate Armour           Summ/Erth      34%          34%         4
 Animate Dead             Necr           8%           34%         4
 Iskenderun's Mystic Bla  Conj/Tloc      17%          34%         4
 Sticky Flame             Conj/Fire      17%          34%         4
 Summon Ice Beast         Ice/Summ       17%          34%         4
 Summon Lightning Spire   Summ/Air       17%          34%         4
 Borgnjor's Vile Clutch   Necr/Erth      8%           67%         5
 Fireball                 Conj/Fire      8%           67%         5
 Eringya's Noxious Bog    Tmut/Pois      32%          3%          6
 Hydra Form               Tmut           29%          9%          6
 Invisibility             Hex            44%          41%         6
 Dragon Form              Tmut           29%          41%         7
 Statue Form              Tmut/Erth      26%          54%         6
 Death Channel            Necr           8%           99%         6
 Simulacrum               Ice/Necr       8%           99%         6
 Discord                  Hex            22%          100%        8


Dungeon Overview and Level Annotations

Branches:
Dungeon (15/15)            Temple (1/1) D:6            Lair (6/6) D:11
 Shoals (0/4) Lair:2       Spider (4/4) Lair:4        Slime (0/5) Lair:5
    Orc (2/2) D:10            Elf (0/3) Orc:2        Vaults (0/5) D:14
 Depths (0/5) D:15         Bailey (visited)

Altars:
Ashenzari
Cheibriados
Dithmenos
Elyvilon
Fedhas
Gozag
Hepliaklqana
Kikubaaqudgha
Makhleb
Nemelex Xobeh
Okawaru
Qazlal
Ru
Sif Muna
Trog
Uskayaw
Vehumet
Wu Jian
Xom
Yredelemnul
Zin
The Shining One
Beogh
Jiyva

Shops:
D:11 !   Orc:2 [*:!*

Portals:
Trove: D:11 (give +2 gold dragon scales)

Annotations:
D:9 2 transporters, sraybest's ghost, novice TrMo
Lair:4 2 transporters, Zonian's ghost, journeyman HOFi
Lair:6 exclusion: door


Innate Abilities, Weirdness & Mutations

You are very small and have problems with some larger weapons.
You are too small for most types of armour.
You have supernaturally acute eyesight. (SInv)
You cover ground extremely quickly. (Speed+++)


Message History

Found a glimmering chain mail.
The moth of wrath's fur bristles in rage as it notices you.
The hornet evades a web.
The orb spider spins a strand of pure energy.
Casting: Ignite Poison (safe; 1% risk of failure)
Confirm with . or Enter, or press ? or * to list all spells.
You begin to radiate toxic energy.
The orb spider is poisoned.
The hornet is poisoned.
The moth of wrath is poisoned.
The jumping spider is poisoned.
The hornet looks even sicker.
The moth of wrath looks even sicker.
The jumping spider looks even sicker.
The jumping spider leaps!
The moth of wrath goads the hornet on!
The hornet goes berserk!
A wolf spider comes into view.
The hornet rages.
You hear a roar!
You hear an angry hiss. x2
Unknown command.
Unknown command.
Casting: Olgreb's Toxic Radiance (safe; 1% risk of failure)
Confirm with . or Enter, or press ? or * to list all spells.
Your toxic radiance grows in intensity.
The wolf spider is poisoned.
The orb spider looks even sicker.
The hornet looks even sicker.
The moth of wrath looks even sicker.
The jumping spider looks even sicker.
The orb spider looks even sicker.
The hornet looks as sick as possible!
The moth of wrath looks as sick as possible!
The jumping spider pounces on you!
You emit a cloud of dark smoke.
The jumping spider misses you. The hornet stings you!!
You are poisoned.
You suddenly lose the ability to move!
The jumping spider pounces on you!
You are caught in a web!
The jumping spider bites you.
You emit a cloud of dark smoke.
The hornet stings you!
You are more poisoned.
You feel yourself slow down.
You feel yourself speed up.
You feel sick. The hornet stings you!
* * * LOW HITPOINT WARNING * * *
You feel yourself slow down. The jumping spider pounces on you.
* * * LOW HITPOINT WARNING * * *
The jumping spider bites you but does no damage.
The hornet barely misses you. The moth of wrath bites you!
You die...

#^.....# #^.s.≈^
. #.....# ..
#....$# ...
#.....#
^...#.s§§.#
^.^≈^.§y§^#
......y@§§##
......s§#..#
..#.......!#
..#.......##
....#...#^.# .
....#.....###^.#
[##...#...†.^.#
s#....#.......#
.#..#....#^.^.#.


You could see a moth of wrath (extremely poisoned), an orb spider (charged, very
poisoned), a hornet (berserk, extremely poisoned) and a jumping spider (very
poisoned).

Vanquished Creatures
  2 orc warlords
  2 emperor scorpions
  Nessos (D:14)
  An entropy weaver (Spider:1)
  A dire elephant (Lair:6)
  A fire dragon (D:15)
  A yaktaur captain (D:15)
  Josephine (Orc:1)
  2 vault guards (D:14)
  An ogre mage (D:14)
  3 boulder beetles
  10 hydras
  3 centaur warriors
  A death knight (D:11)
  2 catoblepae
  5 tengu warriors
  15 two-headed ogres
  4 skeletal warriors
  3 unseen horrors
  11 orc knights (Orc:2)
  4 deep elf pyromancers
  A wizard (Lair:6)
  14 orb spiders
  An orb spider (shapeshifter) (D:13)
  An orc sorcerer (Orc:2)
  10 wolf spiders
  13 ugly things
  4 manticores
  5 cyclopes
  13 elephants
  2 moths of wrath
  6 black mambas
  3 torpor snails
  4 centaur skeletons
  A gargoyle (D:15)
  Maggie (D:10)
  11 cane toads
  6 yaktaurs (D:15)
  6 rime drakes
  2 freezing wraiths (D:11)
  Psyche (D:8)
  14 komodo dragons
  10 demonic crawlers
  28 jumping spiders
  3 meliai (D:14)
  9 trolls
  Prince Ribbit (D:9)
  A wind drake (Lair:2)
  2 polar bears
  15 blink frogs
  4 slime creatures (D:13)
  5 hornets
  A harpy skeleton (D:14)
  10 dream sheep (Lair:6)
  A dream sheep (shapeshifter) (D:14)
  4 shadows
  25 tarantellas
  A water elemental (D:14)
  61 redbacks
  2 wyverns
  14 wraiths
  9 humans (D:14)
  5 basilisks
  51 yaks
  Eustachio (D:5)
  A vampire mosquito (D:13)
  5 wargs (Orc:2)
  A harpy simulacrum (D:14)
  An acid dragon (D:15)
  Menkaure (D:4)
  16 water moccasins
  43 orc warriors
  2 sky beasts
  3 black bears
  5 ice beasts
  18 ogres
  A necrophage (D:14)
  An eye of draining (D:13)
  21 wolves
  3 phantoms
  16 centaurs
  A kobold brigand (D:10)
  15 bullfrogs
  A gnoll sergeant (D:11)
  5 scorpions
  20 wights
  7 howler monkeys
  4 electric eels
  A centaur zombie (D:11)
  5 jellies
  2 bullfrog zombies (D:13)
  2 gnoll shamans (Orc:2)
  21 orc priests
  6 hounds
  A bullfrog skeleton (D:7)
  4 iguanas
  26 orc wizards
  6 hell rats (Lair:3)
  12 worker ants
  A killer bee zombie (D:8)
  A hound zombie (D:6)
  A worker ant zombie (D:5)
  17 adders
  19 gnolls
  A shadow imp (D:9)
  16 white imps
  4 ufetubi
  An ooze (D:1)
  An adder zombie (D:5)
  An adder skeleton (D:5)
  A worm (D:5)
  2 dart slugs
  2 leopard geckos
  94 orcs
  3 ball pythons
  6 giant cockroaches
  18 goblins
  13 hobgoblins
  7 jackals
  27 kobolds
  2 quokkas
  4 bats
  4 frilled lizards
  A leopard gecko skeleton (D:4)
  A quokka skeleton (D:9)
  11 rats
992 creatures vanquished.

Vanquished Creatures (others)
  A human (D:14)
  16 fungi
  59 plants
76 creatures vanquished.

Grand Total: 1068 creatures vanquished

Notes
Turn   | Place    | Note
-------+----------+-------------------------------------------
     0 | D:1      | sahdkjhfkaj the Spriggan Venom Mage began the quest for the
                  | Orb.
     0 | D:1      | Reached XP level 1. HP: 9/9 MP: 5/5
   411 | D:1      | Reached skill level 3 in Dodging
   456 | D:1      | Reached XP level 2. HP: 13/13 MP: 1/7
   526 | D:1      | Learned a level 2 spell: Poisonous Vapours
  1066 | D:1      | Reached skill level 4 in Dodging
  1347 | D:2      | Reached XP level 3. HP: 16/16 MP: 6/8
  2066 | D:2      | Reached XP level 4. HP: 21/21 MP: 6/11
  2407 | D:3      | Found an iron altar of Okawaru.
  2825 | D:3      | Reached XP level 5. HP: 8/24 MP: 9/12
  3156 | D:3      | Learned a level 3 spell: Ignite Poison
  3202 | D:3      | Reached skill level 5 in Dodging
  4249 | D:3      | Noticed an ogre
  4327 | D:3      | Killed an ogre
  4328 | D:3      | Reached XP level 6. HP: 28/28 MP: 4/14
  4435 | D:3      | Reached skill level 5 in Spellcasting
  4995 | D:4      | Reached skill level 5 in Transmutations
  5222 | D:4      | Reached skill level 6 in Dodging
  5440 | D:4      | Reached XP level 7. HP: 27/32 MP: 10/16
  5540 | D:4      | Noticed Menkaure
  5591 | D:3      | Learned a level 3 spell: Mephitic Cloud
  5780 | D:4      | Killed Menkaure
  6557 | D:5      | Entered Level 5 of the Dungeon
  7217 | D:5      | Noticed Eustachio
  7232 | D:5      | Killed Eustachio
  7410 | D:5      | Learned a level 4 spell: Olgreb's Toxic Radiance
  7439 | D:5      | Found a bloodstained altar of Trog.
  8216 | D:5      | Reached XP level 8. HP: 36/36 MP: 1/19
  8537 | D:5      | Reached skill level 7 in Dodging
  8975 | D:5      | Found a stormy altar of Qazlal.
  8982 | D:5      | Found a shimmering altar of Xom.
  9234 | D:6      | Reached skill level 8 in Dodging
  9647 | D:6      | Found a staircase to the Ecumenical Temple.
  9685 | Temple   | Entered the Ecumenical Temple
  9804 | Temple   | Became a worshipper of Dithmenos the Shadowed
  9928 | D:6      | Reached skill level 9 in Dodging
 10451 | D:6      | Reached XP level 9. HP: 39/39 MP: 15/22
 11223 | D:7      | Found a flagged portal.
 11248 | Bailey   | Entered a bailey
 11253 | Bailey   | Noticed an orc warlord
 11344 | Bailey   | Reached * piety under Dithmenos
 11454 | Bailey   | Found a runed translucent gate.
 11457 | Bailey   | Found a runed translucent gate.
 11458 | Bailey   | Found a runed translucent gate.
 11970 | Bailey   | Killed an orc warlord
 11971 | Bailey   | Reached skill level 10 in Dodging
 12101 | Bailey   | Identified 2 scrolls of acquirement
 12101 | Bailey   | Acquired a staff of poison
 12103 | Bailey   | Acquired the +9 fustibalus "Doudi" {speed, rC+++ MP-9 Dex-5
                  | SInv}
 12144 | D:7      | Found a snail-covered altar of Cheibriados.
 12845 | D:7      | Reached skill level 10 in Spellcasting
 12845 | D:7      | Reached XP level 10. HP: 44/44 MP: 18/25
 13356 | D:7      | Reached skill level 10 in Transmutations
 13552 | D:8      | Found a white marble altar of Elyvilon.
 13642 | D:8      | Found the +5 scythe "Finisher" {speed, eviscerate}
 13649 | D:8      | Noticed Psyche
 13652 | D:8      | Killed Psyche
 13653 | D:8      | Reached skill level 11 in Dodging
 13825 | D:8      | Identified the +3 mace of Tension {drain, rC+}
 13918 | D:8      | Found a shimmering blue altar of Sif Muna.
 13949 | D:9      | Found a transporter.
 13960 | D:9      | Reached ** piety under Dithmenos
 14133 | D:9      | Noticed Prince Ribbit
 14160 | D:9      | Killed Prince Ribbit
 14366 | D:9      | Noticed a glowing orange brain
 14379 | D:9      | Noticed sraybest's ghost (novice TrMo)
 14397 | D:9      | Found a transporter.
 14463 | D:9      | Found an ancient bone altar of Kikubaaqudgha.
 14472 | D:9      | Reached skill level 12 in Dodging
 14472 | D:9      | Reached skill level 5 in Poison Magic
 14618 | D:9      | Noticed a two-headed ogre
 14635 | D:9      | Killed a two-headed ogre
 14684 | D:9      | Found a hazy altar of Hepliaklqana.
 14754 | D:9      | Noticed a two-headed ogre
 14774 | D:9      | Killed a two-headed ogre
 14775 | D:9      | Reached XP level 11. HP: 47/47 MP: 20/27
 15136 | D:10     | Entered Level 10 of the Dungeon
 15169 | D:10     | Noticed Maggie
 15842 | D:10     | Killed Maggie
 15994 | D:10     | Noticed an unseen horror
 16002 | D:10     | Killed an unseen horror
 16137 | D:10     | Reached *** piety under Dithmenos
 16253 | D:10     | Found a staircase to the Orcish Mines.
 16522 | D:11     | Noticed a two-headed ogre
 16526 | D:11     | Killed a two-headed ogre
 16527 | D:11     | Reached skill level 13 in Dodging
 17924 | D:11     | Found a portal to a secret trove of treasure.
 17961 | D:11     | Found a staircase to the Lair.
 18232 | D:11     | Found Mux Reul's Distillery.
 18280 | D:11     | Noticed a two-headed ogre
 18296 | D:11     | Killed a two-headed ogre
 18640 | D:11     | Found the +2 cloak of the Thief {*Fog Slay-2 SInv Stlth+}
 18701 | D:11     | Noticed a death knight
 18701 | D:11     | Noticed a two-headed ogre
 18722 | D:11     | Killed a two-headed ogre
 18746 | D:11     | Reached skill level 10 in Slings
 19097 | D:11     | Killed a death knight
 19316 | Lair:1   | Entered Level 1 of the Lair of Beasts
 19612 | Lair:1   | Reached XP level 12. HP: 51/51 MP: 17/30
 19693 | Lair:1   | Reached **** piety under Dithmenos
 20148 | Lair:1   | Noticed a four-headed hydra
 20176 | Lair:1   | Killed a four-headed hydra
 20177 | Lair:1   | Reached skill level 14 in Dodging
 20629 | Lair:2   | Found a frozen archway.
 20890 | Lair:2   | Noticed a four-headed hydra
 20908 | Lair:1   | Killed a four-headed hydra
 21104 | Lair:2   | Learned a level 1 spell: Corona
 21555 | Lair:2   | Reached skill level 15 in Dodging
 21759 | Lair:2   | Found a staircase to the Shoals.
 22191 | Lair:2   | Reached ***** piety under Dithmenos
 22563 | Lair:1   | Identified the +3 rapier "Rur Sesch" {venom, *Slow rPois
                  | rC- Int+8}
 24404 | Lair:3   | Noticed an eight-headed hydra
 24428 | Lair:3   | Killed an eight-headed hydra
 25315 | Lair:4   | Reached XP level 13. HP: 45/55 MP: 11/31
 25621 | Lair:4   | Found a hole to the Spider Nest.
 25702 | Lair:4   | Found a runed translucent door.
 26069 | Lair:4   | Found a transporter.
 26154 | Lair:4   | Found a transporter.
 26240 | Lair:4   | Learned a level 4 spell: Petrify
 26250 | Lair:4   | You fall into a shaft and drop 2 floors!
 26250 | Lair:6   | Entered Level 6 of the Lair of Beasts
 26298 | Lair:5   | Reached skill level 16 in Dodging
 26932 | Lair:5   | Found a staircase to the Slime Pits.
 26934 | Lair:5   | Found a viscous altar of Jiyva.
 27461 | Lair:6   | Reached skill level 17 in Dodging
 27602 | Lair:6   | Reached ****** piety under Dithmenos
 27604 | Lair:6   | Reached skill level 10 in Poison Magic
 27618 | Lair:6   | Reached skill level 1 in Fighting
 28900 | Lair:4   | Identified the ring "Juagg" {+Blink rC+ MP-9 Str+2}
 28971 | Lair:4   | Noticed Zonian's ghost (journeyman HOFi)
 29232 | Lair:4   | Reached XP level 14. HP: 60/67 MP: 12/33
 30000 | Lair:6   | Reached skill level 5 in Fighting
 30371 | Lair:6   | Learned a level 5 spell: Yara's Violent Unravelling
 31280 | Lair:6   | Reached skill level 18 in Dodging
 32312 | D:12     | Identified the amulet of Oploaki {Regen+ Slay+2}
 35877 | D:14     | Noticed Nessos
 35888 | D:14     | Killed Nessos
 35942 | D:14     | Found a sparkling altar of Nemelex Xobeh.
 36415 | D:14     | Reached XP level 15. HP: 75/75 MP: 19/34
 36826 | D:14     | Found a gate to the Vaults.
 36886 | D:14     | Reached skill level 19 in Dodging
 37430 | D:15     | Entered Level 15 of the Dungeon
 37795 | D:15     | Reached skill level 20 in Dodging
 39401 | D:15     | Found a staircase to the Depths.
 39863 | Orc:1    | Entered Level 1 of the Orcish Mines
 39867 | Orc:1    | Noticed Josephine
 39872 | Orc:1    | Killed Josephine
 40334 | Orc:2    | Entered Level 2 of the Orcish Mines
 40435 | Orc:2    | Noticed an orc warlord
 40445 | Orc:2    | Killed an orc warlord
 40658 | Orc:2    | Found a staircase to the Elven Halls.
 40665 | Orc:2    | Found Kaex's Armour Shop.
 41003 | Orc:2    | Found Liobb's Book Shop.
 41003 | Orc:2    | Found Jyareb's General Store.
 41283 | Orc:2    | Reached skill level 1 in Invocations
 41542 | Orc:2    | Reached XP level 16. HP: 84/84 MP: 30/35
 41711 | Orc:2    | Found Puymm's Assorted Antiques.
 41711 | Orc:2    | Found Joifa's Distillery.
 41952 | Orc:2    | Bought a book of Conjurations for 480 gold pieces
 41952 | Orc:2    | Bought a book of Dreams for 1200 gold pieces
 41959 | Orc:2    | Learned a level 6 spell: Shadow Creatures
 41961 | Orc:2    | Learned a level 1 spell: Magic Dart
 41966 | Orc:2    | Learned a level 4 spell: Fulminant Prism
 42532 | Orc:2    | Learned a level 6 spell: Eringya's Noxious Bog
 42995 | Spider:1 | Entered Level 1 of the Spider Nest
 44107 | Spider:1 | Learned a level 1 spell: Apportation
 44119 | Spider:1 | Acquired 1141 gold pieces
 44542 | Orc:2    | Bought a book of Hexes for 800 gold pieces
 44548 | Orc:2    | Learned a level 4 spell: Cause Fear
 44962 | Spider:2 | Reached skill level 10 in Fighting
 45328 | Spider:1 | Reached skill level 5 in Hexes
 45933 | Spider:2 | Reached skill level 5 in Invocations
 47935 | Spider:4 | Entered Level 4 of the Spider Nest
 48002 | Spider:4 | Paralysed by a hornet for 2 turns
 48003 | Spider:4 | Slain by a moth of wrath

Illustrated notes

Levels and vault maps discovered:
D:1:      amcnicky_arrival_feature_with_door, layout_basic
D:2:      layout_loops_ring, kennysheep_generic_room_10
D:3:      layout_loops_corners, okawaru_metal_pillars_1_2,
          hangedman_decor_peaks_small, minmay_misc_feat_more_columns,
          grunt_decor_mini_mirrors, minmay_puff
D:4:      layout_basic, minmay_surrounded, uniq_menkaure
D:5:      layout_layer_cave, bloody_trog, minitemple, uniq_eustachio
D:6:      layout_basic, minmay_temple_entry_antechambers, glass_columns_b
D:7:      layout_basic, general_overflow_altar, enter_bailey_3
D:8:      layout_cave_pools, led_sif_pool, kennysheep_mini_moat,
          minmay_guarded_unrand_finisher, uniq_psyche
D:9:      layout_irregular_city, kennysheep_mini, overflow_temple_1_default,
          gammafunk_ghost_arena, uniq_prince_ribbit1
D:10:     layout_roguey, orc_0_dummy, uniq_maggie
D:11:     layout_loops_cross, lair_entry_dummy, nicolae_trove_entry_free_sample,
          serial_shops, shop, lightli_fourway_metalbox
D:12:     layout_grid_maze
D:13:     nzn_winding_woodlands_medium [nzn_winding_woodlands_5x5_open_star,
          nzn_winding_woodlands_5x15_zeroes, nzn_winding_woodlands_5x5_cross,
          nzn_winding_woodlands_5x5_checkerboard,
          nzn_winding_woodlands_center_garden, nzn_winding_woodlands_5x5_three,
          nzn_winding_woodlands_hourglass,
          nzn_winding_woodlands_5x15_split_checker,
          nzn_winding_woodlands_5x5_closed_star], layout_irregular_city
D:14:     layout_basic, ximxim_vaults_locker_room, grunt_decor_cap, basic_altar,
          serial_bayou_lake_a, uniq_nessos
D:15:     grunt_enter_depths_snipers, layout_loops_ring, nicolae_water_bricks
Temple:   cyrus_circular_temple
Lair:1:   layout_roguey
Lair:2:   layout_regular_city, minmay_shoals_entry_beasts,
          portal_ice_cave_entry_imps
Lair:3:   layout_cave_shapes
Lair:4:   layout_layer_cave, spider_nest_entry_a,
          gammafunk_ghost_berserking_beasts, chequers_serial_rivers_large_b,
          pf_torpor_hydra, infiniplex_staircase_pool
Lair:5:   layout_long_grid, slime_altar_1
Lair:6:   evil_forest, layout_big_grid, st_stairs_4, serial_bayou_shore_a,
          serial_bayou_shore_b, grunt_megastairs_3
Spider:1: layout_spider_delve
Spider:2: layout_spider_delve, nicolae_spider_shape
Spider:3: layout_spider_delve, guppyfry_spider_mini_1
Spider:4: grunt_spider_rune_parallel, gammafunk_ghost_split, drop_trap,
          spiders_nest_hornet_nest, uniq_bai_suzhen
Orc:1:    layout_caves, uniq_josephine
Orc:2:    st_orc_town, layout_diamond_mine, serial_shops,
          nicolae_shop_statue_plus

Skill      XL: |  1  2  3  4  5  6  7  8  9 10 11 12 13 14 15 16 |
---------------+-------------------------------------------------+-----
Spellcasting   | 3 4 5 7 8 10 11 13 14 | 14.9
Transmutations | 2 4 5 7 8 9 10 | 10.1
Dodging        | 3 4 5 6 9 10 12 13 15 17 18 20 | 20.0
Poison Magic   | 4 5 7 9 10 12 13 14 | 14.0
Slings         | 4 7 8 10 12 | 12.0
Fighting       | 4 7 9 10 | 10.0
Hexes          | 3 6 |  6.0
Invocations    | 2 6 |  6.0
Stealth        | |  3.0

Action                   |  1- 3 |  4- 6 |  7- 9 | 10-12 | 13-15 | 16-18 || total
-------------------------+-------+-------+-------+-------+-------+-------++-------
Melee: Unarmed           |     1 |     3 |     3 |       |       |       ||     7
       Short sword       |       |       |     8 |       |       |       ||     8
       Staff             |       |       |       |    97 |    34 |       ||   131
       Dagger            |       |       |       |       |   168 |    21 ||   189
 Fire: Fustibalus        |       |       |       |     8 |    95 |       ||   103
 Cast: Sting             |    57 |   119 |   291 |   440 |   812 |   303 ||  2022
       Poisonous Vapours |    15 |    15 |     9 |     1 |     2 |       ||    42
       Ignite Poison     |       |       |    31 |   108 |   179 |    93 ||   411
       Mephitic Cloud    |       |       |     6 |    32 |    24 |       ||    62
       Olgreb's Toxic Ra |       |       |    10 |    39 |   106 |    72 ||   227
       Petrify           |       |       |       |       |     8 |       ||     8
       Eringya's Noxious |       |       |       |       |       |     1 ||     1
Evoke: Wand              |       |       |       |       |     1 |       ||     1
  Use: Scroll            |     3 |     5 |     6 |     9 |     7 |     8 ||    38
       Potion            |       |       |       |       |     1 |     1 ||     2
 Stab: Sleeping          |       |       |       |       |     2 |       ||     2
       Petrified         |       |       |       |       |    10 |       ||    10
       Distracted        |       |       |       |       |     2 |       ||     2
Armor: Robe              |     1 |     1 |     8 |    16 |    27 |    16 ||    69
Dodge: Dodged            |    30 |    48 |   201 |   680 |  1477 |   883 ||  3319

Table legend: (Time is in decaauts)
 A = Elapsed time spent in this place.
 B = Non-inter-level travel time spent in this place.
 C = Inter-level travel time spent in this place.
 D = Time resting spent in this place.
 E = Time spent auto-exploring this place.
 F = Levels seen in this place.
 G = Mean time per level.
                   A        B        C        D        E       F      G
               +--------+--------+--------+--------+--------+-----+--------+
         Total |  39400 |  37237 |   2163 |    894 |  30111 |  29 | 1358.6 |
       Dungeon |  22757 |  21493 |   1264 |    744 |  17060 |  15 | 1517.1 |
        Temple |    103 |     93 |     10 |      0 |     90 |   1 |  103.0 |
          Lair |  10121 |   9494 |    627 |     43 |   8214 |   6 | 1686.8 |
   Spider Nest |   3252 |   3122 |    130 |      0 |   2492 |   4 |  813.0 |
  Orcish Mines |   2427 |   2298 |    129 |      0 |   1764 |   2 | 1213.5 |
        Bailey |    739 |    739 |      0 |    107 |    489 |   1 |  739.0 |
               +--------+--------+--------+--------+--------+-----+--------+

Top non-repeatable levels by time:
  Lair:4: 2581 daAuts
     D:3: 2325 daAuts
    D:13: 2236 daAuts
    D:10: 2177 daAuts
     D:4: 1982 daAuts
   Orc:2: 1981 daAuts
    D:11: 1940 daAuts
  Lair:6: 1854 daAuts
     D:5: 1827 daAuts
    D:15: 1699 daAuts
  Lair:1: 1632 daAuts
  Lair:5: 1631 daAuts
    D:14: 1601 daAuts
Spider:1: 1304 daAuts
  Lair:3: 1236 daAuts
